 Dungeon Crawl Stone Soup version 0.21.1-1-g345015f (webtiles) character file.

18 inc the Chiller (level 2, -1/17 HPs)
             Began as an Octopode Ice Elementalist on June 13, 2018.
             Slain by a goblin
             ... wielding a +0 club
              (2 damage)
             ... on level 1 of the Dungeon.
             The game lasted 00:00:29 (633 turns).

inc the Chiller (Octopode Ice Elementalist)          Turns: 633, Time: 00:00:29

Health: -1/17      AC:  1    Str:  7    XL:     2   Next: 70%
Magic:  5/5        EV: 13    Int: 17    God:
Gold:   0          SH:  0    Dex: 12    Spells: 4/5 levels left

rFire    . . .     SeeInvis .     - Unarmed
rCold    . . .     Gourm    .   (no shield)
rNeg     . . .     Faith    .   (helmet restricted)
rPois    .         Spirit   .   (no amulet)
rElec    .         Reflect  .   (no ring)
rCorr    .         Harm     .   (no ring)
MR       .....                  (no ring)
Stlth    +++.......             (no ring)
HPRegen  0.05/turn              (no ring)
MPRegen  0.09/turn              (no ring)
                                (no ring)
                                (no ring)

@: no status effects
A: almost no armour, stealthy swim, amphibious, 8 rings, constrict 8, camouflage
1, gelatinous body 1
a: no special abilities


You were on level 1 of the Dungeon.
You were not hungry.

You visited 1 branch of the dungeon, and saw 1 of its levels.

Inventory:

Scrolls
 c - a scroll of amnesia {unknown}
 d - a scroll of fog {unknown}
 e - a scroll of teleportation {unknown}
Potions
 f - a potion of curing {unknown}
Books
 a - a book of Frost

   Spells                             Type                      Level
   a - Freeze                         Ice                          1
   b - Throw Frost                    Conjuration/Ice              2
   c - Ozocubu's Armour               Charms/Ice                   3
   d - Throw Icicle                   Conjuration/Ice              4
   e - Summon Ice Beast               Ice/Summoning                4
Comestibles
 b - a ration


   Skills:
 - Level 2.0 Dodging
 - Level 2.6 Stealth
 + Level 2.2 Unarmed Combat
 - Level 2.0 Spellcasting
   Level 1.0 Conjurations
 - Level 3.0 Ice Magic


You had 4 spell levels left.
You knew the following spells:

 Your Spells              Type           Power        Failure   Level  Hunger
a - Freeze                Ice            ##..         5%          1    #......


Dungeon Overview and Level Annotations

Branches:
Dungeon (1/15)

Altars:


Innate Abilities, Weirdness & Mutations

You cannot wear most types of armour.
You are very stealthy in the water. (Stealth+)
You are amphibious.
You can wear up to eight rings at the same time.
You can use your tentacles to constrict eight enemies at once.
Your skin changes colour to match your surroundings (Stealth+).
Your rubbery body absorbs attacks. (AC +1, EV +1)


Message History

The goblin hits you with a club.
You tentacle-slap the bat. Your grab misses the bat.
The bat is heavily wounded.
The bat closely misses you. The bat completely misses you.
The hobgoblin hits you.
* * * LOW HITPOINT WARNING * * *
The goblin hits you with a club.
* * * LOW HITPOINT WARNING * * *
You tentacle-slap the goblin. You grab the goblin.
The goblin is heavily wounded.
You constrict the goblin. The bat hits you.
* * * LOW HITPOINT WARNING * * *
The hobgoblin misses you. The goblin completely misses you.
The bat closely misses you.
Unknown command.
You tentacle-slap the hobgoblin. Your grab misses the hobgoblin.
You kill the hobgoblin!
You constrict the goblin. The bat closely misses you.
The goblin hits you with a club.
You die...

#####.### #.....#
#........
#...#.#####.###.###
####...#.#............
#..........###........
#...................##
...b....?#####.....#
#.g†#.# ##...##
#.@...# ######..##
##...### ........#
#.....# #######.#
#.#.#.# ##'## #..#..#
##...## #.###.##
##.....# #..#...##
##.......
#.#.....####........
#..........+........


You could see a goblin and a bat.

Vanquished Creatures
  A dart slug (D:1)
  3 bats (D:1)
  A giant cockroach (D:1)
  A goblin (D:1)
  3 hobgoblins (D:1)
  2 jackals (D:1)
  A frilled lizard (D:1)
  A kobold (D:1)
  A rat (D:1)
14 creatures vanquished.

Notes
Turn   | Place    | Note
-------+----------+-------------------------------------------
     0 | D:1      | inc the Octopode Ice Elementalist began the quest for the Orb.
     0 | D:1      | Reached XP level 1. HP: 11/11 MP: 3/3
   105 | D:1      | Reached skill level 1 in Unarmed Combat
   320 | D:1      | Reached XP level 2. HP: 13/17 MP: 5/5
   633 | D:1      | Slain by a goblin

Skill      XL: |  1  2 |
---------------+-------+-----
Unarmed Combat | 1 2 |  2.2
Dodging        | |  2.0
Stealth        | |  2.6
Spellcasting   | |  2.0
Conjurations   | |  1.0
Ice Magic      | |  3.0

Action                   || total
-------------------------++-------
Melee: Unarmed           ||    45
       Constrict         ||    14
       Tentacles         ||    10
 Stab: Sleeping          ||     4
Armor: Skin              ||     9
Dodge: Dodged            ||    43
